 Dungeon Crawl Stone Soup version 0.28-a0-1143-gcf6077d4cc (webtiles) character file.

Game seed: 11348341382671829985

644 ducksouse the Shield-Bearer (level 7, -4/63 HPs)
             Began as a Minotaur Fighter on Dec 13, 2021.
             Slain by an ogre (19 damage)
             ... on level 5 of the Dungeon.
             The game lasted 00:07:31 (4399 turns).

ducksouse the Shield-Bearer (Minotaur Fighter)      Turns: 4399, Time: 00:07:31

Health: -4/63      AC: 10    Str: 20    XL:     7   Next: 26%
Magic:  6/6        EV:  9    Int:  5    God:
Gold:   88         SH: 10    Dex: 12    Spells: 6/6 levels left

rFire   . . .      SeeInvis .   k - +2 long sword (freeze)
rCold   . . .      Faith    .   c - +0 buckler
rNeg    . . .      Spirit   .   b - +0 scale mail
rPois   .          Reflect  +   e - +2 hat
rElec   .          Harm     .   (no cloak)
rCorr   .          Rampage  .   n - +0 pair of gloves
Will    .....                   (no boots)
Stlth   ..........              i - amulet of reflection
HPRegen 0.20/turn               (no ring)
MPRegen 0.10/turn               (no ring)

@: no status effects
A: horns 2, retaliatory headbutt
a: no special abilities


You were on level 5 of the Dungeon.
You visited 1 branch of the dungeon, and saw 5 of its levels.

You collected 88 gold pieces.

Inventory:

Hand Weapons
 k - a +2 long sword of freezing (weapon)
 p - a +4 dire flail
 q - a +4 hand axe
Missiles
 l - 2 atropa-tipped darts (quivered)
Armour
 b - a +0 scale mail (worn)
 c - a +0 buckler (worn)
 e - a +2 hat (worn)
 n - a +0 pair of gloves (worn)
 r - a +0 tower shield
Jewellery
 i - an amulet of reflection (around neck)
Scrolls
 d - a scroll of teleportation {unknown}
 g - a scroll of silence
 h - a scroll of noise
 m - a scroll of enchant weapon {unknown}
Potions
 f - a potion of heal wounds {unknown}
 j - a potion of mutation {unknown}
 o - a potion of attraction {unknown}
 s - a potion of degeneration {unknown}


   Skills:
 + Level 6.0 Fighting
 + Level 5.2 Long Blades
 + Level 5.9 Armour
 + Level 6.0 Shields


You had 6 spell levels left.
You didn't know any spells.
Your spell library contained the following spells:

 Spells                   Type           Power      Damage    Failure   Level
 Summon Small Mammal      Summ           0%         N/A       80%         1
 Call Canine Familiar     Summ           0%         N/A       99%         3
 Summon Guardian Golem    Hex/Summ       0%         N/A       99%         3
 Animate Armour           Summ/Erth      0%         N/A       100%        4
 Blade Hands              Tmut           0%         N/A       100%        5
 Iron Shot                Conj/Erth      0%         9d1       100%        6


Dungeon Overview and Level Annotations

Branches:
Dungeon (5/15)
 Temple: D:4-7

Altars:
Fedhas
Qazlal


Innate Abilities, Weirdness & Mutations

You have a pair of horns on your head.
You reflexively headbutt those who attack you in melee.


Message History

Your Shields skill increases to level 6!
You start resting.
HP restored.
You see here a +0 falchion.
There is a stone staircase leading down here.
You climb downwards.
There is a stone staircase leading up here.
You see here a +0 hand axe.
Found a blossoming altar of Fedhas.
An iguana comes into view.
An ogre comes into view. It is wielding a +0 giant spiked club.
Found a stone staircase leading up.
Found a metallic golden potion.
You block the iguana's attack.
The iguana bites you but does no damage.
The ogre hits you with a +0 giant spiked club!!
You block the iguana's attack. The iguana barely misses you.
You block the iguana's attack.
You completely miss the ogre.
The ogre hits you with a +0 giant spiked club.
The iguana closely misses you.
You hit the ogre but do no damage. You block the ogre's attack.
The iguana misses you. You block the ogre's attack.
The iguana hisses menacingly.
You barely miss the ogre. The ogre completely misses you.
There is a stone staircase leading down here.
The ogre hits you with a +0 giant spiked club!!
* * * LOW HITPOINT WARNING * * *
You climb downwards.
Found a hunting sling.
Found a stone staircase leading up.
There is a stone staircase leading up here.
You barely miss the ogre. You block the ogre's attack.
Your scale mail prevents you from hitting the ogre.
You block the ogre's attack.
You hit the ogre. You freeze the ogre.
The ogre is moderately wounded.
The ogre hits you with a +0 giant spiked club!!
You die...

.. .....##
..##.....##
..........##
...........#
.....).....#
...........#
.......O...#
......Z@...#
<..........#
..........##
..##.....##
# #######


You could see an ogre and a bullfrog zombie.

Vanquished Creatures
  Sigmund (D:2)
  4 killer bees
  3 wights (D:4)
  An orc priest (D:3)
  An orc wizard (D:3)
  5 gnolls
  An adder (D:3)
  2 worms (D:2)
  4 dart slugs
  6 orcs
  5 endoplasms
  A giant cockroach (D:1)
  4 goblins
  6 hobgoblins
  2 jackals (D:4)
  5 kobolds
  3 quokkas
  4 ball pythons
  6 bats
  6 frilled lizards
  4 rats (D:1)
74 creatures vanquished.

Notes
Turn   | Place    | Note
-------+----------+-------------------------------------------
     0 | D:1      | ducksouse the Minotaur Fighter began the quest for the Orb.
     0 | D:1      | Reached XP level 1. HP: 19/19 MP: 0/0
    80 | D:1      | Found a faded altar of an unknown god.
   292 | D:1      | Reached XP level 2. HP: 22/27 MP: 1/1
  1234 | D:2      | Noticed Sigmund
  1255 | D:2      | Killed Sigmund
  1256 | D:2      | Reached XP level 3. HP: 15/35 MP: 2/2
  1256 | D:2      | Reached XP level 4. HP: 17/41 MP: 3/3
  1256 | D:2      | Reached XP level 5. HP: 20/47 MP: 4/4
  1866 | D:2      | Reached skill level 5 in Fighting
  1870 | D:2      | Reached skill level 5 in Shields
  1875 | D:2      | Reached skill level 5 in Armour
  2543 | D:3      | Reached XP level 6. HP: 54/56 MP: 5/5
  3035 | D:4      | Found a stormy altar of Qazlal.
  4060 | D:4      | Reached XP level 7. HP: 25/62 MP: 6/6
  4062 | D:4      | Reached skill level 5 in Long Blades
  4068 | D:3      | HP: 3/62 [poisoned by a killer bee]
  4356 | D:4      | Found a blossoming altar of Fedhas.
  4396 | D:5      | Entered Level 5 of the Dungeon
  4399 | D:5      | Slain by an ogre

Illustrated notes

Levels and vault maps discovered:
D:1:      co_arrival_square_in_a_square_in_a_square, layout_loops_corners,
          ebering_ecumenical_altar_mist, hangedman_decor_opposing, minmay_cupped
D:2:      layout_loops_ring, minmay_misc_feat_ornament, uniq_sigmund
D:3:      layout_basic
D:4:      cheibrodos_old_hovel, layout_loops_ring,
          mainiacjoe_overflow_small_starburst, fedhas_altar_3
D:5:      layout_rooms, nicolae_wu_jian_immortal_techniques,
          minmay_temple_entry_mini_moons, minmay_holes, serial_bayou_crossing

Skill      XL: |  1  2  3  4  5  6  7 |
---------------+----------------------+-----
Shields        | 4 5 6 |  6.0
Fighting       | 4 5 6 |  6.0
Armour         | 4 5 |  5.9
Long Blades    | 3 4 5 |  5.2

Action                   |  1- 3 |  4- 6 |  7- 9 || total
-------------------------+-------+-------+-------++-------
Melee: Long sword        |    65 |   101 |    11 ||   177
       Headbutt          |     7 |    12 |     2 ||    21
  Use: Scroll            |     3 |     4 |       ||     7
       Potion            |     1 |     1 |     2 ||     4
Armor: Scale mail        |    24 |    33 |     9 ||    66
Dodge: Dodged            |    25 |    36 |    14 ||    75
Block: Buckler           |     6 |    61 |    11 ||    78

Table legend: (Time is in decaauts)
 A = Elapsed time spent in this place.
 B = Non-inter-level travel time spent in this place.
 C = Inter-level travel time spent in this place.
 D = Time resting spent in this place.
 E = Time spent auto-exploring this place.
 F = Levels seen in this place.
 G = Mean time per level.
                   A        B        C        D        E       F      G
               +--------+--------+--------+--------+--------+-----+--------+
         Total |   4438 |   4232 |    206 |   1065 |   2309 |   5 |  887.6 |
       Dungeon |   4438 |   4232 |    206 |   1065 |   2309 |   5 |  887.6 |
               +--------+--------+--------+--------+--------+-----+--------+

Top non-repeatable levels by time:
     D:3: 1555 daAuts
     D:1: 1238 daAuts
     D:2: 943 daAuts
     D:4: 698 daAuts
     D:5: 3 daAuts
